 Seeded DCSS version 0.30-a0-845-g7c6808c8ce (webtiles) character file.

Game seed: 4290115023798346970 (custom seed)

28 demibob the Trooper (level 3, 29/29 HPs)
             Began as a Demonspawn Wanderer on Mar 3, 2023.
             Quit the game on level 1 of the Dungeon.
             The game lasted 00:01:27 (1237 turns).

demibob the Trooper (Demonspawn Wanderer)           Turns: 1237, Time: 00:01:28

Health: 29/29      AC:  5    Str: 12    XL:     3   Next: 0%
Magic:  5/5        EV: 10    Int: 14    God:
Gold:   198        SH:  0    Dex: 13    Spells: 3/4 levels left

rFire   . . .      SeeInvis .    a - +2 dagger
rCold   . . .      Faith    .    (no shield)
rNeg    . . .      Spirit   .    c - +0 ring mail
rPois   .          Reflect  .    (no helmet)
rElec   .          Rampage  .    (no cloak)
rCorr   .                        (no gloves)
Will    .....                    (no boots)
Stlth   +                        (no amulet)
HPRegen 0.24/turn                (no ring)
MPRegen 0.09/turn                (no ring)

@: very slow
A: demonic guardian 2
a: no special abilities


You were on level 1 of the Dungeon.
You visited 1 branch of the dungeon, and saw 2 of its levels.

You collected 198 gold pieces.


Innate Abilities, Weirdness & Mutations

A demonic guardian rushes to your aid.


   Skills:
 + Level 3.2 Fighting
 + Level 2.1 Armour
 + Level 3.0 Stealth
 + Level 1.4 Spellcasting
 + Level 1.5 Conjurations


You had 3 spell levels left.
You knew the following spells:

 Your Spells              Type           Power      Damage    Failure   Level
f - Foxfire               Conj/Fire      12%        2x1d4     38%         1

Your spell library contained the following spells:

 Spells                   Type           Power      Damage    Failure   Level
 Hailstorm                Conj/Ice       3%         3d3       77%         3
 Fireball                 Conj/Fire      1%         3d3       100%        5
 Starburst                Conj/Fire      1%         6d3       100%        6

Inventory:

Hand Weapons
 a - a +2 dagger (weapon)
Armour
 c - a +0 ring mail (worn)
Magical Staves
 h - a staff of death {!a}
Jewellery
 C - a ring of protection from cold
Scrolls
 d - a scroll of fear
 j - a scroll of acquirement
Potions
 b - a potion of brilliance
 e - a potion of berserk rage {unknown}
 f - a potion of curing {unknown}
 g - a potion of might {unknown}
 i - a potion of degeneration {unknown}

Dungeon Overview and Level Annotations

Branches:
Dungeon (2/15)

Altars:

#....### #♣ #....#
#≈ #.#+## #≈ #....#
#≈♣♣♣ ######
#≈≈≈♣♣♣♣♣♣
#≈≈≈♣..P<♣
#≈≈~♣...♣♣
#≈~@.....♣♣#
#≈≈~.......#
#≈≈≈≈.....P#
#≈≈≈~......# #
#≈≈~......P# #
#≈≈~....♣.♣#########
#≈≈≈~......♣P.P♣♣.##
#≈≈≈~...P..........P
#≈≈≈~...............


There were no monsters in sight!


Message History

You barely miss the hobgoblin.
The hobgoblin is severely wounded.
The hobgoblin hits you.
You closely miss the hobgoblin.
The hobgoblin is severely wounded.
The hobgoblin hits you but does no damage.
A hobgoblin is nearby!
You hit the hobgoblin but do no damage.
The hobgoblin is severely wounded.
The hobgoblin closely misses you.
You hit the hobgoblin.
You kill the hobgoblin!
You have reached level 3!
Your experience leads to an increase in your attributes!
Increase (S)trength, (I)ntelligence, or (D)exterity?
You feel agile. x2; Your demonic ancestry asserts itself...
Your guardian grows in power.
There is an open door here.
There is an open door here.
There is an open gate here.
You enter the shallow water.
Moving in this stuff is going to be slow.
You enter the shallow water.
Moving in this stuff is going to be slow.
You enter the shallow water.
Moving in this stuff is going to be slow.
Partly explored, can't reach some places.
Partly explored, can't reach some places.
This is a scroll of acquirement!
Are you sure you want to abandon this character and quit the game? (Confirm with "yes".)

Skill      XL: |  1  2 |
---------------+-------+-----
Armour         | 2 |  2.1
Stealth        | 3 |  3.0
Fighting       | |  3.2
Spellcasting   | |  1.4
Conjurations   | |  1.5

Action                     || total
---------------------------++-------
  Melee: Dagger            ||    93
         Punch             ||     1
   Stab: Sleeping          ||     1
 Armour: Ring mail         ||    40
  Dodge: Dodged            ||    43

Levels and vault maps discovered:
D:1:      kennysheep_arrival_seaside, layout_basic, minmay_gold_behind_fungi,
          wander_ebering_terrifying_dragon_lair
D:2:      layout_rooms, nicolae_ecumenical_snake_handling, uniq_jessica

Notes
Turn   | Place    | Note
-------+----------+-------------------------------------------
     0 | D:1      | demibob the Demonspawn Wanderer began the quest for the
                  | Orb.
     0 | D:1      | demibob set off with the following items: a +2 dagger, a
                  | potion of brilliance, a +0 ring mail, a scroll of fear; and
                  | the following spell memorised: Foxfire; and the following
                  | spells available to memorise: Hailstorm.
     0 | D:1      | Reached XP level 1. HP: 18/18 MP: 2/2
    67 | D:1      | You fall into a shaft and drop 1 floor!
   236 | D:1      | Gained mutation: A weak demonic guardian rushes to your
                  | aid. [demonic ancestry]
   236 | D:1      | Reached XP level 2. HP: 18/24 MP: 3/3
   326 | D:1      | Reached skill level 2 in Armour
   680 | D:1      | Reached skill level 3 in Stealth
   974 | D:1      | Gained mutation: A demonic guardian rushes to your aid.
                  | [demonic ancestry]
   974 | D:1      | Reached XP level 3. HP: 27/29 MP: 5/5
  1237 | D:1      | Identified a scroll of acquirement
  1237 | D:1      | Quit the game

Vanquished Creatures
  A dart slug (D:1)
  An endoplasm (D:1)
  2 giant cockroaches (D:1)
  4 goblins
  4 hobgoblins (D:1)
  A kobold (D:1)
  A quokka (D:1)
  A ball python (D:1)
  2 bats (D:1)
  3 frilled lizards (D:1)
  4 rats
24 creatures vanquished.

Vanquished Creatures (others)
  3 toadstools (D:1)
3 creatures vanquished.

Grand Total: 27 creatures vanquished

Table legend: (Time is in decaauts)
 A = Elapsed time spent in this place.
 B = Non-inter-level travel time spent in this place.
 C = Inter-level travel time spent in this place.
 D = Time resting spent in this place.
 E = Time spent auto-exploring this place.
 F = Levels seen in this place.
 G = Mean time per level.
                   A        B        C        D        E       F      G
               +--------+--------+--------+--------+--------+-----+--------+
         Total |   1238 |   1238 |      0 |      0 |    947 |   2 |  619.0 |
       Dungeon |   1238 |   1238 |      0 |      0 |    947 |   2 |  619.0 |
               +--------+--------+--------+--------+--------+-----+--------+

Top non-repeatable levels by time:
     D:1: 1156 daAuts
     D:2: 82 daAuts

Table legend:
 A = Non-vault XP
 B = Vault XP
 C = Vault XP percentage of total XP
 D = Non-vault monster count
 E = Vault monster count
 F = Vault count percentage of total count
                 A         B        C        D         E       F
            +---------+---------+-------+---------+---------+-------
      Total |      40 |       1 |   2.4 |      23 |       1 |   4.2
            +---------+---------+-------+---------+---------+-------
        D:1 |      37 |       1 |   2.6 |      21 |       1 |   4.5
        D:2 |       3 |       0 |   0.0 |       2 |       0 |   0.0
            +---------+---------+-------+---------+---------+-------
